 Dungeon Crawl Stone Soup version 0.29.1-2-gbd0b4ee654 (webtiles) character file.

Game seed: 7958900143752498892

27 KittyFluff the Trooper (level 3, 0/36 HPs)
             Began as a Gargoyle Berserker on Nov 13, 2022.
             Was a Follower of Trog.
             Hit by a stone thrown by a hobgoblin (1 damage)
             ... on level 1 of the Dungeon.
             The game lasted 00:02:42 (777 turns).

KittyFluff the Trooper (Gargoyle Berserker)          Turns: 777, Time: 00:02:43

Health: 0/36       AC:  5    Str: 20    XL:     3   Next: 10%
Magic:  3/3        EV: 12    Int:  7    God:    Trog [*.....]
Gold:   73         SH:  0    Dex: 11    Spells: 2/2 levels left

rFire   . . .      SeeInvis .   a - +0 mace
rCold   . . .      Faith    .   (no shield)
rNeg    + . .      Spirit   .   b - +0 animal skin
rPois   ∞          Reflect  .   (no helmet)
rElec   +          Harm     .   (no cloak)
rCorr   .          Rampage  .   (no gloves)
Will    .....                   (no boots)
Stlth   ..........              (no amulet)
HPRegen 0.12/turn               (no ring)
MPRegen 0.08/turn               (no ring)

@: berserking, very quick
A: sickness immunity, AC +3, negative energy resistance 1, electricity
resistance, torment resistance 1, petrification resistance
a: Renounce Religion, Berserk


You were on level 1 of the Dungeon.
You worshipped Trog.
Trog was aware of your devotion.
You visited 1 branch of the dungeon, and saw 1 of its levels.

You collected 73 gold pieces.

Inventory:

Hand Weapons
 a - a +0 mace (weapon)
 d - a +0 sling
Armour
 b - a +0 animal skin (worn)
Scrolls
 c - a scroll of identify {unknown}
 e - a scroll of enchant weapon {unknown}
Potions
 f - a potion of ambrosia {unknown}


   Skills:
 + Level 3.7 Fighting
 + Level 3.4 Maces & Flails
 * Level 2.5 Armour
 + Level 1.8 Dodging


You had 2 spell levels left.
You didn't know any spells.
Your spell library was empty.

Dungeon Overview and Level Annotations

Branches:
Dungeon (1/15)

Altars:


Innate Abilities, Weirdness & Mutations

You are immune to sickness and miasma.
Your stone body is resilient. (AC +3)
You are immune to poison.
You resist negative energy. (rN+)
You are resistant to electric shocks. (rElec)
You are resistant to unholy torment.
You are immune to petrification.


Message History

The endoplasm freezes you.
You are frozen.
* * * LOW HITPOINT WARNING * * *
A red film seems to cover your vision as you go berserk!
You feel yourself moving faster!
You feel mighty!
The hobgoblin shouts!
The jackal closely misses you. The jackal misses you.
The endoplasm freezes you.
You are frozen.
* * * LOW HITPOINT WARNING * * *
The endoplasm freezes you.
You are frozen.
* * * LOW HITPOINT WARNING * * *
You hit the endoplasm.
You kill the endoplasm!
Trog accepts your kill.
The jackal bites you but does no damage.
The jackal barely misses you.
You have reached level 3!
Your experience leads to an increase in your attributes!
Increase (S)trength, (I)ntelligence, or (D)exterity?
You feel agile. x2
You sock the endoplasm!
You kill the endoplasm!
Trog accepts your kill.
The jackal barely misses you. x2; The jackal closely misses you.
You sock the jackal!
You feel the power of Trog in you as your rage grows.
You kill the jackal!
Trog accepts your kill.
The hobgoblin throws a stone.
The stone hits you.
* * * LOW HITPOINT WARNING * * *
The jackal closely misses you.
You barely miss the jackal.
The jackal bites you but does no damage.
The hobgoblin throws a stone.
The stone hits you.
* * * LOW HITPOINT WARNING * * *
You barely miss the jackal. The jackal barely misses you.
The hobgoblin throws a stone.
The stone hits you.
You die...

##.....#....#..#....#...#
.≈
###...#.)..#..#........#.
~~
#......)............... ≈
##.................###. ≈
##.................##.. ≈
##.................... #
####.##......#...##.. #
#..h....[..........## ##
##..@................
.##+#
###$......#....#.###
..'.+ +.................#
.##'# #.......####.......
###.## #.....##...
##..... ##.†.##
...g..#...... #....
#.....## #.....#.#......
.#... .......##
.......#..#....# #...
........# ......#...
#..#. ..#..


You could see a jackal and a hobgoblin.

Vanquished Creatures
  2 bats (D:1)
  4 endoplasms (D:1)
  2 giant cockroaches (D:1)
  2 goblins (D:1)
  3 hobgoblins (D:1)
  A jackal (D:1)
  A quokka (D:1)
  A frilled lizard (D:1)
  A kobold (D:1)
  8 rats (D:1)
25 creatures vanquished.

Notes
Turn   | Place    | Note
-------+----------+-------------------------------------------
     0 | D:1      | KittyFluff the Gargoyle Berserker began the quest for the
                  | Orb.
     0 | D:1      | Reached XP level 1. HP: 14/14 MP: 1/1
   154 | D:1      | Reached XP level 2. HP: 19/19 MP: 2/2
   774 | D:1      | Reached XP level 3. HP: 5/24 MP: 3/3
   776 | D:1      | HP: 1/36 [hobgoblin/stone (2)]
   777 | D:1      | Hit by a stone thrown by a hobgoblin

Illustrated notes

Levels and vault maps discovered:
D:1:      elethiomel_arrival_diamonds, layout_basic, serial_rivers,
          chequers_serial_rivers_small_b, chequers_serial_rivers_small_3,
          chequers_serial_rivers_micro_a, chequers_serial_rivers_micro_d,
          minmay_circled_x

Action                   || total
-------------------------++-------
Melee: Mace              ||    76
Invok: Berserk           ||     1
Armor: Animal skin       ||    34
Dodge: Dodged            ||    67
